 Dungeon Crawl Stone Soup version 0.27-a0-1302-g7736ffe575 (console) character file.

Game seed: 2580678903162068162

4 soberpl the Chopper (level 1, 17/20 HPs)
             Began as a Minotaur Berserker on June 18, 2021.
             Was a Follower of Trog.
             Quit the game on level 1 of the Dungeon.
             The game lasted 00:02:04 (179 turns).

soberpl the Chopper (Minotaur Berserker)             Turns: 179, Time: 00:02:05

Health: 17/20      AC:  2    Str: 21    XL:     1   Next: 58%
Magic:  0/0        EV: 12    Int:  4    God:    Trog [*.....]
Gold:   0          SH:  0    Dex:  9    Spells: 0/0 levels left

rFire    . . .     SeeInvis .   a - +0 hand axe
rCold    . . .     Faith    .   (no shield)
rNeg     . . .     Spirit   .   b - +0 animal skin
rPois    .         Reflect  .   (helmet restricted)
rElec    .         Harm     .   (no cloak)
rCorr    .         Rampage  .   (no gloves)
Will     .....                  (no boots)
Stlth    +.........             (no amulet)
HPRegen  0.06/turn              (no ring)
MPRegen  0.07/turn              (no ring)

@: no status effects
A: horns 2, retaliatory headbutt
a: Renounce Religion, Berserk


You were on level 1 of the Dungeon.
You worshipped Trog.
Trog was aware of your devotion.
You visited 1 branch of the dungeon, and saw 1 of its levels.

Inventory:

Hand Weapons
 a - a +0 hand axe (weapon)
Armour
 b - a +0 animal skin (worn)


   Skills:
 + Level 3.8 Fighting
 + Level 3.8 Axes
 + Level 2.4 Armour
 + Level 2.2 Dodging


You couldn't memorise any spells.
You didn't know any spells.
Your spell library was empty.

Dungeon Overview and Level Annotations

Branches:
Dungeon (1/15)

Altars:


Innate Abilities, Weirdness & Mutations

You have a pair of horns on your head.
You reflexively headbutt those who attack you in melee.


Message History

The endoplasm freezes you.
You are frozen.
The bat barely misses you.
You miss the bat. You hit the endoplasm.
You kill the endoplasm!
Trog accepts your kill. The bat hits you but does no damage.
You barely miss the bat. You headbutt the bat.
You kill the bat!
Trog accepts your kill.
You start resting.
HP restored. 2 jackals come into view.
The jackal barks!
The jackal bites you but does no damage.
The jackal misses you.
You hit the jackal but do no damage. x2; The jackal bites you.
The jackal closely misses you. The jackal bites you.
You hit the jackal.
The jackal is almost dead.
You closely miss the jackal. The jackal bites you.
The jackal closely misses you. You furiously retaliate!
You headbutt the jackal. The jackal closely misses you.
You furiously retaliate!
You headbutt the jackal.
You kill the jackal!
Trog accepts your kill.
You hit the jackal.
You kill the jackal!
Trog accepts your kill.
You see here a jackal corpse.
Unknown command.
You are a level 1 Minotaur Berserker.
You are 58% of the way to level 2.
Play time: 00:00:46 (178 turns).
Zot will find you in 5821 turns if you stay in this branch and explore no new floors.
There are no objects that can be picked up here. a jackal corpse
There are no objects that can be picked up here. a jackal corpse
There are no objects that can be picked up here. a jackal corpse Unknown command.
Unknown command.
You aren't carrying any potions.
You aren't carrying any potions.
Are you sure you want to abandon this character and quit the game? (Confirm with "yes".)

. .. ..#. .#.## ...#
#..# #..## #...#
#.@.#### ######
#..†...# #.....
#......# #.#.##
#......# #.##.#
#......# #.#.#.
#......# #.#.#.
#####....# #####.#.#.
#........# #.'.'.#.#.
#+##.....###.###.#.#.
..........##..#
#.#.#.
..........##.##
#.#.#.


There were no monsters in sight!

Vanquished Creatures
  An endoplasm (D:1)
  2 jackals (D:1)
  A bat (D:1)
4 creatures vanquished.

Notes
Turn   | Place    | Note
-------+----------+-------------------------------------------
     0 | D:1      | soberpl the Minotaur Berserker began the quest for the Orb.
     0 | D:1      | Reached XP level 1. HP: 19/19 MP: 0/0
   179 | D:1      | Quit the game

Illustrated notes

Levels and vault maps discovered:
D:1:      matt_arrival_los_fun, layout_basic, chequers_ecumenical_altar_twisty,
          st_stairs_11, minmay_split_cup_small

Action                   || total
-------------------------++-------
Melee: Hand axe          ||     6
       Headbutt          ||     1
Armor: Animal skin       ||     2
Dodge: Dodged            ||     6

Table legend: (Time is in decaauts)
 A = Elapsed time spent in this place.
 B = Non-inter-level travel time spent in this place.
 C = Inter-level travel time spent in this place.
 D = Time resting spent in this place.
 E = Time spent auto-exploring this place.
 F = Levels seen in this place.
 G = Mean time per level.
                   A        B        C        D        E       F      G
               +--------+--------+--------+--------+--------+-----+--------+
         Total |    179 |    179 |      0 |    126 |     30 |   1 |  179.0 |
       Dungeon |    179 |    179 |      0 |    126 |     30 |   1 |  179.0 |
               +--------+--------+--------+--------+--------+-----+--------+

Top non-repeatable levels by time:
     D:1: 179 daAuts
